[Event "Team 45 45 League T94"]
[Site "Internet Chess Club"]
[Date "2022.10.30"]
[Round "3"]
[White "jcule"]
[Black "jjmolina1"]
[Result "0-1"]
[WhiteElo "1374"]
[BlackElo "1464"]
[Opening "King's Indian: Torre attack"]
[ECO "A48"]
[Time "13:01:21"]
[PlyCount "110"]
[TimeControl "2700+45"]

1. d4 Nf6 2. Nf3 g6 3. Bg5 Bg7 4. c3 O-O 5. Nbd2 d5 6. Qc2 c6 7. e4 dxe4 8. Nxe4
Nxe4 9. Qxe4 Bf5 10. Qe3 Re8 11. Bd3 Bxd3 12. Qxd3 Qb6 13. Rb1 Nd7 14. O-O e5
15. dxe5 Nxe5 16. Nxe5 Rxe5 17. Be3 Qa5 18. a3 Rd5 19. Qc2 Rad8 20. Rbd1 a6 21.
Rd2 Rxd2 22. Bxd2 Re8 23. Re1 Rxe1+ 24. Bxe1 Qe5 25. Qd1 Qd5 26. Qxd5 cxd5 27.
f3 f6 28. Kf2 Kf7 29. Ke3 Ke6 30. g4 Bh6+ 31. f4 Kd6 32. Bg3 f5 33. gxf5 gxf5
34. Kd3 Bg7 35. h3 h5 36. Bf2 Bh6 37. Be3 Kc6 38. c4 dxc4+ 39. Kxc4 Bg7 40. Bd4
Bh6 41. Be3 b5+ 42. Kd3 Kd5 43. b4 Bg7 44. Bc1 Ba1 45. Ke3 Kc4 46. Kd2 Bc3+ 47.
Kc2 Be1 48. Bb2 Bg3 49. Be5 Bf2 50. Bf6 Bd4 51. Bg5 Be3 52. Bf6 Bxf4 53. h4 Bg3
54. Bg5 f4 55. Kd2 f3 {White resigns} 0-1

[Event "Team 45 45 League T94"]
[Site "Internet Chess Club"]
[Date "2022.10.28"]
[Round "3"]
[White "NATYNL09"]
[Black "Fulmar"]
[Result "0-1"]
[WhiteElo "1154"]
[BlackElo "1305"]
[Opening "French: advance, Nimzovich system"]
[ECO "C02"]
[Time "18:32:31"]
[PlyCount "74"]
[TimeControl "2700+45"]

1. e4 e6 2. d4 d5 3. e5 c5 4. Nf3 Qb6 5. Be3 Qxb2 6. Nbd2 cxd4 7. Bxd4 Qa3 8.
Bb5+ Bd7 9. Bd3 Nc6 10. Be3 Rc8 11. O-O Nge7 12. Qb1 Rc7 13. Nb3 Nc8 14. Bb5 Nb6
15. Bc1 Qb4 16. Bd2 Qxb5 17. Qb2 Nc4 18. Qc1 N6xe5 19. Nfd4 Qa6 20. Bf4 Bd6 21.
Bg3 O-O 22. Qg5 f6 23. Qh5 Be8 24. Qe2 Bf7 25. Rad1 Rfc8 26. Rb1 Na3 27. Rbd1
Qxe2 28. Nxe2 Rxc2 29. Nec1 Nec4 30. Rd3 Bxg3 31. fxg3 Bg6 32. Rdf3 Nd2 33. Nxd2
Rxd2 34. Rxa3 Be4 35. Rf2 Rxc1+ 36. Rf1 Rxg2+ 37. Kh1 Rxf1# {White checkmated}
0-1

[Event "Team 45 45 League T94"]
[Site "Internet Chess Club"]
[Date "2022.10.27"]
[Round "3"]
[White "Electryon"]
[Black "ChessMaine"]
[Result "0-1"]
[WhiteElo "1443"]
[BlackElo "1435"]
[Opening "English: Mikenas-Carls variation"]
[ECO "A18"]
[Time "20:00:42"]
[PlyCount "98"]
[TimeControl "2700+45"]

1. c4 Nf6 2. Nc3 e6 3. e4 Bb4 4. e5 Bxc3 5. dxc3 Ng8 6. g3 Nc6 7. Nf3 b6 8. Bg2
Rb8 9. b4 Nge7 10. b5 Na5 11. Qe2 O-O 12. O-O Bb7 13. Ba3 c5 14. Rad1 Qc7 15.
Bc1 h6 16. Rd6 Nf5 17. Rdd1 d6 18. g4 Bxf3 19. Bxf3 Nh4 20. exd6 Nxf3+ 21. Qxf3
Qd7 22. Qd3 e5 23. Rfe1 Qxg4+ 24. Qg3 Qxg3+ 25. hxg3 Nxc4 26. Re4 Na5 27. Rxe5
Rbd8 28. Re7 Nc4 29. Bf4 g5 30. Be5 f6 31. Bxf6 Rxf6 32. d7 Rff8 33. Rde1 Nd6
34. R1e6 Nf5 35. Re8 Rxd7 36. Rg6+ Kf7 37. Ree6 Re7 38. Ref6+ Ke8 39. Rc6 Kf7
40. Rcf6+ Ke8 41. Rc6 Kd7 42. g4 Re1+ 43. Kh2 Ne7 44. Rcd6+ Ke8 45. Rxh6 Rxf2+
46. Kg3 Rxa2 47. Rh8+ Kf7 48. Rh7+ Kg8 49. Rh2 Re3# {White checkmated} 0-1

[Event "Team 45 45 League T94"]
[Site "Internet Chess Club"]
[Date "2022.10.28"]
[Round "3"]
[White "Denis240964"]
[Black "BlueStorm"]
[Result "0-1"]
[WhiteElo "1411"]
[BlackElo "1559"]
[Opening "Pirc defense"]
[ECO "B07"]
[Time "09:30:43"]
[PlyCount "84"]
[TimeControl "2700+45"]

1. e4 d6 2. d4 Nf6 3. Nd2 g6 4. Ngf3 Bg7 5. c3 Bg4 6. Be2 O-O 7. O-O c5 8. d5 a6
9. Re1 b5 10. Qc2 Nbd7 11. Nf1 Rc8 12. h3 Bxf3 13. Bxf3 Ne5 14. Bd1 c4 15. Be3
Nd3 16. Re2 Nxe4 17. f3 Nf6 18. Qd2 Nxd5 19. Bh6 Qb6+ 20. Kh2 Be5+ 21. g3 Rfe8
22. Ne3 Nxe3 23. Rxe3 Bg7 24. Bxg7 Kxg7 25. Be2 Nxb2 26. Rb1 Na4 27. Kg2 Nc5 28.
Qd4+ e5 29. Qxc4 Na4 30. Qd3 Rxc3 31. Qxc3 Nxc3 32. Rxc3 d5 33. Rbc1 Re7 34. Rc6
Qa5 35. R1c2 d4 36. g4 Rd7 37. Bd3 Qa3 38. Be4 d3 39. Rd2 Rd4 40. Kf2 Rc4 41.
Ke3 Rxc6 42. Bxc6 Qc5+ {White resigns} 0-1

[Event "Team 45 45 League T94"]
[Site "Internet Chess Club"]
[Date "2022.10.29"]
[Round "3"]
[White "BrerRabbit"]
[Black "chesskix"]
[Result "0-1"]
[WhiteElo "1320"]
[BlackElo "1400"]
[Opening "Queen's pawn game"]
[ECO "E06"]
[Time "19:02:45"]
[PlyCount "82"]
[TimeControl "2700+45"]

1. d4 Nf6 2. Nf3 e6 3. g3 Be7 4. Bg2 O-O 5. O-O d5 6. c4 c5 7. cxd5 exd5 8. dxc5
Bxc5 9. a3 Bb6 10. Nc3 d4 11. Na4 Nc6 12. Nxb6 Qxb6 13. b4 Bg4 14. Bb2 Rad8 15.
Qd3 Rfe8 16. Rfe1 g6 17. Qc4 Be6 18. Qc5 Qxc5 19. bxc5 Ne4 20. Red1 Nxc5 21.
Nxd4 Nxd4 22. Rxd4 b6 23. Rad1 Rxd4 24. Rxd4 f5 25. Kf1 Kf7 26. Ke1 h5 27. h4
Bb3 28. Bd5+ Bxd5 29. Rxd5 Re7 30. e3 Ne4 31. Rd3 Rc7 32. Bd4 Rc1+ 33. Ke2 Rc2+
34. Ke1 Rxf2 35. Be5 Ke6 36. Bf4 Ra2 37. Bb8 a6 38. Bc7 b5 39. Bf4 Rb2 40. Bc7
Rb1+ 41. Rd1 Rb3 {White resigns} 0-1

[Event "Team 45 45 League T94"]
[Site "Internet Chess Club"]
[Date "2022.10.30"]
[Round "3"]
[White "tamky70"]
[Black "Ostap-Bender"]
[Result "0-1"]
[WhiteElo "1217"]
[BlackElo "1213"]
[Opening "Queen's pawn game"]
[ECO "A46"]
[Time "09:30:35"]
[PlyCount "120"]
[TimeControl "2700+45"]

1. d4 Nf6 2. Nf3 e6 3. c3 d5 4. Nbd2 c5 5. Qc2 Be7 6. e3 O-O 7. Be2 b6 8. O-O
Bb7 9. Re1 Nc6 10. Nf1 Rc8 11. Qd2 cxd4 12. exd4 Re8 13. Bd3 h6 14. Qd1 Qc7 15.
Ne3 Bd6 16. Nf1 e5 17. dxe5 Nxe5 18. Nxe5 Bxe5 19. Be3 Qd7 20. Bd4 Bxd4 21. cxd4
Rxe1 22. Qxe1 Re8 23. Ne3 Ng4 24. Qd2 Nxe3 25. fxe3 Qe7 26. Re1 Qg5 27. Qf2 Bc8
28. h4 Qe7 29. Bb5 Bd7 30. Bd3 Qd6 31. e4 dxe4 32. Rxe4 Rxe4 33. Bxe4 Qe6 34.
Qf4 f5 35. Bf3 a5 36. b3 Qe1+ 37. Kh2 Qe8 38. Qc7 Qe6 39. d5 Qe7 40. Qf4 Kf7 41.
Qd4 Qc5 42. Qe5 Qe7 43. Bh5+ Kf8 44. Qb8+ Be8 45. Bxe8 Qxe8 46. Qd6+ Qe7 47. Qf4
Qe4 48. Qd6+ Qe7 49. Qb8+ Kf7 50. Qf4 Kf6 51. Qd4+ Qe5+ 52. Qxe5+ Kxe5 53. Kg3
g6 54. d6 Kxd6 55. Kf4 Ke6 56. a4 Kf6 57. Ke3 Ke5 58. Kf3 g5 59. hxg5 hxg5 60.
g3 Kd4 {White resigns} 0-1

[Event "Team 45 45 League T94"]
[Site "Internet Chess Club"]
[Date "2022.10.28"]
[Round "3"]
[White "burlap"]
[Black "smsxman"]
[Result "1-0"]
[WhiteElo "1439"]
[BlackElo "1338"]
[Opening "Queen's pawn, Mason variation"]
[ECO "D00"]
[Time "21:00:37"]
[PlyCount "43"]
[TimeControl "2700+45"]

1. d4 d5 2. Bf4 Nc6 3. e3 e6 4. Nd2 Bd7 5. Bd3 Nf6 6. h3 Bb4 7. c3 Be7 8. Ngf3
a6 9. Ne5 Bd6 10. Nxd7 Qxd7 11. Bxd6 Qxd6 12. O-O e5 13. dxe5 Nxe5 14. Qc2 Nxd3
15. Qxd3 O-O 16. Rfe1 Rfe8 17. Re2 Ne4 18. Nxe4 Rxe4 19. Rd1 b5 20. Qxd5 Rd8 21.
Qxd6 Rd7 22. Qxd7 {Black resigns} 1-0

[Event "Team 45 45 League T94"]
[Site "Internet Chess Club"]
[Date "2022.10.30"]
[Round "3"]
[White "Visin"]
[Black "jjmolina1"]
[Result "0-1"]
[WhiteElo "1247"]
[BlackElo "1451"]
[Opening "Scotch: Schmidt variation"]
[ECO "C45"]
[Time "10:00:27"]
[PlyCount "96"]
[TimeControl "2700+45"]

1. e4 e5 2. Nf3 Nc6 3. d4 exd4 4. Nxd4 Nf6 5. Nc3 Bb4 6. Bg5 h6 7. Bxf6 Qxf6 8.
Nf3 Bxc3+ 9. bxc3 Qxc3+ 10. Nd2 Nb4 11. Bd3 Nxd3+ 12. cxd3 Qxd3 13. Qe2 Qxe2+
14. Kxe2 O-O 15. f3 b6 16. Kf2 f5 17. Rhe1 fxe4 18. Nxe4 Bb7 19. Nc3 Rae8 20.
Nb5 Rxe1 21. Rxe1 c6 22. Nd6 Ba6 23. Re7 Rf6 24. Rxd7 Re6 25. Nf5 Re2+ 26. Kg3
Rxa2 27. Rxg7+ Kh8 28. Rxa7 Bc4 29. Rxa2 Bxa2 30. f4 b5 31. Ne3 Bb3 32. Kf2 Kg7
33. Ke2 Kf6 34. Kd3 c5 35. Kc3 c4 36. Kb4 Ke6 37. Kxb5 c3 38. Kc5 c2 39. Nxc2
Bxc2 40. Kd4 h5 41. g3 Kf5 42. Ke3 Kg4 43. Kf2 Kh3 44. Kg1 Be4 45. Kf2 Kxh2 46.
Ke3 Bf5 47. Kf3 Kh3 48. Kf2 Kg4 {White resigns} 0-1

[Event "Team 45 45 League T94"]
[Site "Internet Chess Club"]
[Date "2022.10.26"]
[Round "3"]
[White "Constrictor"]
[Black "Knightburgler"]
[Result "1-0"]
[WhiteElo "1435"]
[BlackElo "1126"]
[Opening "Queen's pawn game"]
[ECO "A46"]
[Time "17:36:01"]
[PlyCount "57"]
[TimeControl "2700+45"]

1. Nf3 Nf6 2. d4 Nc6 3. d5 Nb4 4. c4 e6 5. a3 Na6 6. Nc3 Be7 7. e4 O-O 8. e5 Ng4
9. h3 Nxe5 10. Nxe5 exd5 11. Nxd5 Bg5 12. Be2 Re8 13. Nf3 Bxc1 14. Rxc1 c6 15.
Ne3 d6 16. O-O Nc5 17. Qc2 Ne6 18. Bd3 Ng5 19. Nxg5 Qxg5 20. Bxh7+ Kh8 21. Bf5
Rxe3 22. fxe3 Bxf5 23. Qxf5 Qxe3+ 24. Kh1 f6 25. Rce1 Qd2 26. Re7 Qxb2 27. Qh5+
Kg8 28. Qf7+ Kh7 29. Qxg7# {Black checkmated} 1-0

[Event "Team 45 45 League T94"]
[Site "Internet Chess Club"]
[Date "2022.10.30"]
[Round "3"]
[White "seattleblues"]
[Black "oldbookseller"]
[Result "1-0"]
[WhiteElo "1257"]
[BlackElo "936"]
[Opening "QGD: 4.Nf3"]
[ECO "D37"]
[Time "07:08:47"]
[PlyCount "61"]
[TimeControl "2700+45"]

1. d4 d5 2. Nf3 Nf6 3. c4 e6 4. Nc3 b6 5. Bf4 Be7 6. e3 Bb7 7. Nb5 O-O 8. Nxc7
Ne4 9. a3 Nd7 10. Nxa8 Bxa8 11. Bd3 Ndf6 12. h3 dxc4 13. Bxc4 Nxf2 14. Kxf2 Ne4+
15. Kf1 Qd7 16. Ne5 Qb7 17. Qe2 Bh4 18. Bd3 g6 19. Bxe4 Qxe4 20. Nf3 Qf5 21.
Nxh4 Qf6 22. Nf3 Qf5 23. Kf2 Re8 24. Rhf1 e5 25. Bxe5 Rc8 26. Rac1 Re8 27. Kg1
f6 28. Nh2 Qg5 29. Bxf6 Re4 30. Rc8+ Kf7 31. Bxg5+ {Black resigns} 1-0